 Dungeon Crawl Stone Soup version 0.31-a0-232-gb1c03b2570 (webtiles) character file.

Game seed: 17908131255076149661

429 qw the Shooter (level 6, -6/52 HPs)
             Began as a Minotaur Hexslinger on July 7, 2023.
             Mangled by an iguana (8 damage)
             ... on level 5 of the Dungeon.
             The game lasted 00:01:21 (3176 turns).

qw the Shooter (Minotaur Hexslinger)                Turns: 3176, Time: 00:01:22

Health: -6/52      AC:  7    Str: 12    XL:     6   Next: 66%
Magic:  6/6        EV: 11    Int: 10    God:
Gold:   196        SH:  0    Dex: 15    Spells: 6/7 levels left

rFire   . . .        Y - +2 sling
rCold   . . .        (no shield)
rNeg    . . .        h - +0 ring mail
rPois   .            (helmet restricted)
rElec   .            (no cloak)
rCorr   .            (no gloves)
SInv    .            b - +1 pair of boots
Will    .....        (no amulet)
Stlth   +            (no ring)
HPRegen 0.28/turn    (no ring)
MPRegen 0.10/turn

%: no passive effects
@: lethally poisoned (-6 -> -7)
A: horns 2, retaliatory headbutt
a: no special abilities


You were on level 5 of the Dungeon.
You visited 2 branches of the dungeon, and saw 6 of its levels.

You collected 196 gold pieces.


Innate Abilities, Weirdness & Mutations

You have a pair of horns on your head.
You reflexively headbutt those who attack you in melee.


   Skills:
 - Level 4.0 Fighting
 + Level 6.9 Ranged Weapons
 - Level 1.0 Armour
 - Level 2.1 Dodging
 - Level 1.0 Spellcasting
 - Level 2.0 Hexes


You had 6 spell levels left.
You knew the following spells:

 Your Spells              Type           Power      Damage    Failure   Level
a - Slow                  Hex            16%        N/A       34%         1

Your spell library contained the following spells:

 Spells                   Type           Power      Damage    Failure   Level
 Inner Flame              Hex/Fire       2%         N/A       83%         3
 Portal Projectile        Hex/Tloc       4%         N/A       83%         3
 Cause Fear               Hex            2%         N/A       98%         4

Inventory:

Hand Weapons
 Y - a +2 sling (weapon)
Armour
 b - a +1 pair of boots (worn)
 h - a +0 ring mail (worn)
Scrolls
 c - a scroll of enchant armour {unknown}
 d - a scroll of identify
Potions
 f - a potion of enlightenment
 i - 2 potions of curing

Dungeon Overview and Level Annotations

Branches:
Dungeon (5/15)             Temple (1/1) D:4

Altars:
Ashenzari
Elyvilon
Fedhas
Gozag
Hepliaklqana
Kikubaaqudgha
Nemelex Xobeh
Ru
Vehumet
Wu Jian
Xom
Lugonu


Message History

You feel extremely sick.
The water moccasin bites you but does no damage.
The water moccasin closely misses you.
3168 ||| DRINKING potion of heal wounds.
You feel much better.
You feel very sick. The water moccasin closely misses you.
You shoot a sling bullet.
The sling bullet misses the water moccasin.
You hear the slow hiss of a very distant avalanche of sand.
You feel very sick. The water moccasin misses you.
The water moccasin bites you.
You shoot a sling bullet.
The sling bullet hits the water moccasin but does no damage.
The water moccasin is almost dead.
You feel very sick. The water moccasin bites you.
You shoot a sling bullet.
The sling bullet barely misses the water moccasin.
You feel sick. The water moccasin closely misses you. You furiously retaliate!
You headbutt the water moccasin. The water moccasin bites you.
You shoot a sling bullet.
The sling bullet hits the water moccasin.
The water moccasin is almost dead.
You feel sick. The water moccasin closely misses you.
The water moccasin misses you.
You shoot a sling bullet.
The sling bullet hits the water moccasin.
You kill the water moccasin!
You feel sick.
You shoot a sling bullet.
The sling bullet hits the iguana but does no damage.
You feel sick. The iguana bites you!
You shoot a sling bullet.
The sling bullet hits the iguana but does no damage.
You feel sick. The iguana closely misses you.
You shoot a sling bullet. The sling bullet hits the iguana.
The iguana is lightly wounded.
You feel sick. The iguana bites you!
You die...

.# ########.# #.#
..#...#.# #
#.#.#.#.#.#.#.# ##
#.#.#.#.#.#.#.# .#
#.#........... .#
#.# #.#.#.#.#####
.# #.#
#.....@.....# .#
#.# #.#.#.#l###.#
.######.###.#.#.#.#
.....>......#.#.#.#
....%.......#.#.#.#
.........<..#.#.#.#
.....)......:.#.#..
..)..##########.##.
.....######.


You could see an iguana.

Vanquished Creatures
  A water moccasin (D:5)
  A scorpion (D:4)
  A hound (D:5)
  A jelly (D:4)
  A sleepcap (D:4)
  An iguana (D:5)
  7 adders
  A worm (D:2)
  2 dart slugs
  5 orcs
  2 ball pythons
  8 endoplasms
  4 giant cockroaches
  12 goblins
  8 hobgoblins
  5 jackals
  8 quokkas
  3 bats
  7 frilled lizards
  4 kobolds
  3 rats
85 creatures vanquished.

Notes
Turn   | Place    | Note
-------+----------+-------------------------------------------
     0 | D:1      | qw the Minotaur Hexslinger began the quest for the Orb.
     0 | D:1      | Reached XP level 1. HP: 16/16 MP: 1/1
     0 | D:1      | 0 ||| qw: Version: 0.3-a-46-gb1f654a
     0 | D:1      | 0 ||| qw: Game counter: 2653
     0 | D:1      | 0 ||| qw: Melee chars always use a shield: true
     0 | D:1      | 0 ||| qw: God list: Okawaru
     0 | D:1      | 0 ||| qw: Allow faded altars: false
     0 | D:1      | 0 ||| qw: Do Orc after clearing Dungeon:15 true
     0 | D:1      | 0 ||| qw: Do second Lair branch before Depths: true
     0 | D:1      | 0 ||| qw: Lair rune preference: random
     0 | D:1      | 0 ||| qw: Goals: Normal
     0 | D:1      | 0 ||| PLANNING D:1-11
    94 | D:1      | Reached skill level 3 in Ranged Weapons
    95 | D:1      | Reached XP level 2. HP: 8/23 MP: 2/2
   388 | D:1      | Reached XP level 3. HP: 29/29 MP: 3/3
   866 | D:1      | 866 ||| UPGRADING to +0 ring mail.
   876 | D:1      | 876 ||| DROPPING +0 robe.
   877 | D:1      | 877 ||| READING scroll labelled XOVIS SULENGADD.
   878 | D:1      | 878 ||| READING scroll labelled VAHEDW GOALUXE.
   879 | D:1      | 879 ||| READING scroll labelled NIGHEE JIFOLA.
   931 | D:1      | 931 ||| READING scroll labelled RIGROY JICLOMN.
   932 | D:1      | 932 ||| DROPPING scroll of poison.
  1013 | D:2      | Found a white marble altar of Elyvilon.
  1103 | D:2      | Reached skill level 4 in Ranged Weapons
  1553 | D:3      | Reached skill level 1 in Armour
  1742 | D:3      | Reached XP level 4. HP: 36/36 MP: 4/4
  1898 | D:3      | 1898 ||| FLEEEEING.
  1899 | D:3      | 1899 ||| FLEEEEING.
  1905 | D:3      | 1905 ||| FLEEEEING.
  1907 | D:3      | 1907 ||| FLEEEEING.
  1911 | D:3      | 1911 ||| FLEEEEING.
  1914 | D:3      | 1914 ||| FLEEEEING.
  1915 | D:3      | 1915 ||| STAIRDANCE
  2035 | D:3      | Reached skill level 5 in Ranged Weapons
  2297 | D:3      | Found a sacrificial altar of Ru.
  2358 | D:4      | Found a staircase to the Ecumenical Temple.
  2359 | D:4      | 2359 ||| PLANNING TEMPLE
  2380 | D:4      | Reached skill level 3 in Fighting
  2380 | D:4      | Reached XP level 5. HP: 35/45 MP: 5/5
  2417 | Temple   | Entered the Ecumenical Temple
  2444 | Temple   | 2444 ||| PLANNING D:1-11
  2577 | D:4      | Reached skill level 6 in Ranged Weapons
  2681 | D:4      | Found a sparkling altar of Nemelex Xobeh.
  2867 | D:4      | Found a radiant altar of Vehumet.
  2889 | D:4      | 2889 ||| UPGRADING to +1 pair of boots.
  2894 | D:4      | 2894 ||| READING scroll labelled NIUWAO QIUWN.
  2895 | D:4      | 2895 ||| READING scroll labelled BIURES USKATO.
  2896 | D:4      | 2896 ||| DRINKING 2 metallic yellow potions.
  2897 | D:4      | 2897 ||| READING 2 scrolls of identify.
  2897 | D:4      | 2897 ||| IDENTIFYING murky clear potion
  2927 | D:5      | Entered Level 5 of the Dungeon
  2928 | D:5      | 2928 ||| PLANNING OSSUARY
  2938 | D:5      | Reached XP level 6. HP: 47/52 MP: 6/6
  3154 | D:5      | Noticed a water moccasin
  3167 | D:5      | HP: 12/52 [poisoned by a water moccasin]
  3168 | D:5      | 3168 ||| DRINKING potion of heal wounds.
  3173 | D:5      | Killed a water moccasin
  3173 | D:5      | HP: 13/52 [poisoned by a water moccasin]
  3174 | D:5      | HP: 4/52 [iguana (9)]
  3176 | D:5      | Mangled by an iguana

Levels and vault maps discovered:
D:1:      roderic_crop_circles_arrival_small, layout_basic, serial_bayou_pond_e
D:2:      layout_loops_ring, basic_altar
D:3:      layout_loops_cross, nicolae_ru_the_path_less_chosen, minmay_vboxes
D:4:      layout_gridville, nicolae_vehumet_altar_sigil,
          mainiacjoe_overflow_cross_hatched, minmay_temple_entry_overgrown
D:5:      layout_basic, minitemple, kennysheep_mini, enter_ossuary_5
Temple:   corrupted_temple

Skill      XL: |  1  2  3  4  5  6 |
---------------+-------------------+-----
Ranged Weapons | 3 4 5 6 |  6.9
Fighting       | 2 3 4 |  4.0
Armour         | 1 |  1.0
Dodging        | |  2.1
Spellcasting   | |  1.0
Hexes          | |  2.0

Action                     |  1- 3 |  4- 6 || total
---------------------------+-------+-------++-------
   Fire: Sling             |   146 |   152 ||   298
    Use: Scroll            |     4 |     3 ||     7
         Potion            |       |     2 ||     2
 Armour: Robe              |     6 |       ||     6
         Ring mail         |     7 |    36 ||    43
  Dodge: Dodged            |    34 |    64 ||    98

Table legend:
 A = Non-vault XP
 B = Vault XP
 C = Vault XP percentage of total XP
 D = Non-vault monster count
 E = Vault monster count
 F = Vault count percentage of total count
                 A         B        C        D         E       F
            +---------+---------+-------+---------+---------+-------
      Total |     595 |      19 |   3.1 |      81 |       4 |   4.7
            +---------+---------+-------+---------+---------+-------
        D:1 |      54 |       0 |   0.0 |      31 |       0 |   0.0
        D:2 |      18 |       0 |   0.0 |       8 |       0 |   0.0
        D:3 |      71 |      19 |  21.1 |      22 |       4 |  15.4
        D:4 |     197 |       0 |   0.0 |      11 |       0 |   0.0
        D:5 |     255 |       0 |   0.0 |       9 |       0 |   0.0
            +---------+---------+-------+---------+---------+-------
